 Dungeon Crawl Stone Soup version 0.31.0-12-g77e489cdc1 (webtiles) character file.

Game seed: 8249573142507304564

596 ChadusMaximus the Summoner (level 7, -4/46 HPs)
             Began as a Barachi Summoner on Mar 2, 2024.
             Slain by a crocodile zombie (10 damage)
             ... in an ossuary.
             The game lasted 00:04:09 (3009 turns).

ChadusMaximus the Summoner (Barachi Summoner)       Turns: 3009, Time: 00:04:09

Health: -4/46      AC:  4    Str:  9    XL:     7   Next: 40%
Magic:  11/14      EV: 12    Int: 18    God:
Gold:   184        SH:  0    Dex: 12    Spells: 9/15 levels left

rFire   . . .        i - +2 hand axe (heavy)
rCold   . . .        (no shield)
rNeg    . . .        a - +0 robe
rPois   .            (no helmet)
rElec   .            (no cloak)
rCorr   .            l - +0 pair of gloves
SInv    .            h - +0 pair of boots
Will    .....        (no amulet)
Stlth   ++           (no ring)
HPRegen 0.27/turn    (no ring)
MPRegen 0.14/turn

%: no passive effects
@: inugami summoned, slow
A: amphibious, slowness 1, strong legs 1, +LOS
a: Hop


You were in an ossuary.
You visited 1 branch of the dungeon, and saw 4 of its levels.
You also visited: Ossuary.

You collected 184 gold pieces.

Inventory:

Hand Weapons
 f - a +0 trident
 i - a +2 heavy hand axe (weapon)
Missiles
 v - a throwing net
Armour
 a - a +0 robe (worn)
 h - a +0 pair of boots (worn)
 l - a +0 pair of gloves (worn)
Jewellery
 o - an amulet of magic regeneration
Wands
 u - a wand of quicksilver (6)
Scrolls
 d - 2 scrolls of teleportation
 e - 3 scrolls of vulnerability
 j - 2 scrolls of enchant weapon
 k - a scroll of revelation
 m - a scroll of amnesia {unknown}
 p - a scroll of summoning {unknown}
 q - a scroll of silence {unknown}
 t - a scroll of poison {unknown}
 x - 2 scrolls of enchant armour {unknown}
Potions
 b - 2 potions of magic
 c - a potion of resistance {unknown}
 g - a potion of lignification
 n - 2 potions of brilliance {unknown}
 r - a potion of attraction {unknown}
 s - a potion of curing
 w - a potion of might {unknown}
 z - a potion of heal wounds {unknown}
 A - 2 potions of enlightenment {unknown}
 B - a potion of haste {unknown}
 C - a potion of berserk rage {unknown}


   Skills:
 - Level 2.1 Dodging
 - Level 1.7 Stealth
 + Level 4.9 Spellcasting
 * Level 9.0 Summonings


You had 9 spell levels left.
You knew the following spells:

 Your Spells              Type           Power      Damage    Failure   Level
a - Summon Small Mammal   Summ           100%       N/A       1%          1
b - Call Canine Familiar  Summ           37%        N/A       1%          3
c - Call Imp              Summ           74%        N/A       1%          2

Your spell library contained the following spells:

 Spells                   Type           Power      Damage    Failure   Level
 Ensorcelled Hibernation  Hex/Ice        8%         N/A       21%         2
 Summon Blazeheart Golem  Fire/Summ      20%        N/A       21%         4
 Summon Lightning Spire   Summ/Air       20%        N/A       21%         4
 Passwall                 Erth           4%         N/A       38%         3
 Swiftness                Air            4%         N/A       38%         3


Dungeon Overview and Level Annotations

Branches:
Dungeon (4/15)             Temple (0/1) D:4         Ossuary (1/1)

Altars:
Dithmenos
Okawaru


Innate Abilities, Weirdness & Mutations

You are amphibious.
You cover ground slowly.
You can hop short distances.
You have an extended range of vision and can be seen from far away.


Message History

There is an open door here.
m - a scroll labelled YFIPNO WAMP
z - a smoky black potion No target in view!
No target in view!
No target in view!
A - a glowing black potion No target in view!
A - 2 glowing black potions (gained 1)
B - a fizzy brown potion No target in view!
n - 2 bubbling golden potions (gained 1)
x - 2 scrolls labelled ZENAHI JOATA (gained 1)
s - 2 potions of curing (gained 1)
C - a sedimented clear potion No target in view!
You swap places.
A crocodile zombie comes into view.
A crocodile zombie is nearby!
There is an open door here.
A crocodile zombie is nearby!
You enter the shallow water.
Your inugami disappears in a puff of smoke!
The crocodile zombie bites you.
You barely miss the crocodile zombie. The crocodile zombie bites you!
The crocodile zombie bites you.
You barely miss the crocodile zombie. The crocodile zombie bites you!
Casting: Call Imp (safe; 1% risk of failure)
Confirm with . or Enter, or press ? or * to list all spells.
You call for your canine familiar and it appears with a howl!
The crocodile zombie bites you!
* * * LOW HITPOINT WARNING * * *
The crocodile zombie attacks as it pursues you!
The crocodile zombie bites you.
* * * LOW HITPOINT WARNING * * *
The crocodile zombie drags you backwards!
Floosh!
Your inugami splashes around in the water.
You feel better. The crocodile zombie bites you!
You die...

# ≈#≈# ≈≈≈ # ≈#
≈≈#≈ ≈≈ #≈#### #≈
###~~≈~###### ≈~
#.#.#.#.~.#.#
###'#~Z.#~~~#'#'#
#.'~.~@h.~~~....+
###~##'##'##'##.#
#...#.#...#.+
#...###.∩.#.#
#...# #∩..#.+
##### #####.# .+
.# .+


You could see a crocodile zombie (ally target) and a friendly inugami
(summoned).

Vanquished Creatures
  A black bear (D:4)
  A bullfrog zombie (Ossuary)
  An iguana (D:4)
  3 adders
  2 dart slugs
  4 ball pythons
  4 endoplasms
  A giant cockroach (D:2)
  3 goblins
  5 hobgoblins
  2 jackals (D:2)
  5 kobolds
  2 quokkas
  A ball python zombie (Ossuary)
  4 bats
  2 frilled lizards
  6 rats
47 creatures vanquished.

Vanquished Creatures (collateral kills)
  A scorpion (D:4)
  Jessica (D:3)
  Ijyb (D:3)
  2 crocodile zombies (Ossuary)
  2 hound zombies (Ossuary)
  6 mummies (Ossuary)
  A howler monkey zombie (Ossuary)
  2 adders (D:3)
  An endoplasm (D:3)
  A giant cockroach (D:3)
  A hobgoblin (D:1)
  2 kobolds
  2 ball pythons (D:3)
  A goblin (D:3)
24 creatures vanquished.

Vanquished Creatures (others)
  A kobold (D:3)
1 creature vanquished.

Grand Total: 72 creatures vanquished

Notes
Turn   | Place    | Note
-------+----------+-------------------------------------------
     0 | D:1      | ChadusMaximus the Barachi Summoner began the quest for the
                  | Orb.
     0 | D:1      | Reached XP level 1. HP: 13/13 MP: 3/3
   158 | D:1      | Reached skill level 5 in Summonings
   268 | D:1      | Reached XP level 2. HP: 18/19 MP: 3/5
   907 | D:2      | Reached XP level 3. HP: 24/24 MP: 7/7
  1102 | D:2      | You fall into a shaft and drop 1 floor!
  1122 | D:3      | Reached skill level 6 in Summonings
  1127 | D:3      | Learned a level 3 spell: Call Canine Familiar
  1130 | D:3      | Learned a level 2 spell: Call Imp
  1167 | D:3      | Noticed Jessica
  1174 | D:3      | Reached XP level 4. HP: 21/30 MP: 2/8
  1188 | D:3      | Killed Jessica
  1471 | D:3      | Noticed Ijyb
  1480 | D:3      | Killed Ijyb
  1481 | D:3      | Reached XP level 5. HP: 14/35 MP: 4/10
  1643 | D:3      | Found an iron altar of Okawaru.
  2007 | D:2      | Reached skill level 7 in Summonings
  2150 | D:2      | Found a shadowy altar of Dithmenos.
  2380 | D:4      | Found a staircase to the Ecumenical Temple.
  2395 | D:4      | Noticed a black bear
  2407 | D:4      | Found a sand-covered staircase.
  2417 | D:4      | Reached XP level 6. HP: 11/41 MP: 3/12
  2418 | D:4      | Killed a black bear
  2419 | D:4      | Reached skill level 8 in Summonings
  2449 | Ossuary  | Entered an ossuary
  2578 | Ossuary  | Reached XP level 7. HP: 46/46 MP: 9/13
  2845 | Ossuary  | Reached skill level 9 in Summonings
  3008 | Ossuary  | HP: 1/46 [crocodile zombie (4)]
  3009 | Ossuary  | Slain by a crocodile zombie

Illustrated notes

Levels and vault maps discovered:
D:1:      elethiomel_arrival_shortcut, layout_basic, minivault_23
D:2:      layout_loops_cross, basic_altar
D:3:      layout_basic, mainiacjoe_overflow_cross_hatched, uniq_jessica,
          uniq_ijyb
D:4:      layout_loops_ring, mainiacjoe_overflow_boulevard, fedhas_altar_1,
          minmay_temple_entry_stoned_glass, nicolae_ossuary_entry_monument,
          st_stairs_5
Ossuary:  ossuary_zaba_flooded

Skill      XL: |  1  2  3  4  5  6  7 |
---------------+----------------------+-----
Summonings     | 5 6 7 8 9 |  9.0
Spellcasting   | 3 4 |  4.9
Dodging        | |  2.1
Stealth        | |  1.7

Action                     |  1- 3 |  4- 6 |  7- 9 || total
---------------------------+-------+-------+-------++-------
  Melee: Unarmed           |     6 |       |       ||     6
         Trident           |     4 |       |       ||     4
         Hand axe          |    44 |    64 |    23 ||   131
         Punch             |       |     1 |       ||     1
   Cast: Summon Small Mamm |     9 |     2 |     2 ||    13
         Call Canine Famil |     1 |     6 |     4 ||    11
         Call Imp          |     1 |     4 |     3 ||     8
    Use: Scroll            |       |     5 |       ||     5
         Potion            |       |     2 |     1 ||     3
   Stab: Distracted        |     1 |       |     1 ||     2
         Sleeping          |     6 |     1 |       ||     7
 Armour: Robe              |    34 |    59 |    33 ||   126
         Skin              |       |     6 |       ||     6
  Dodge: Dodged            |    55 |    75 |    24 ||   154
